 Dungeon Crawl Stone Soup version 0.28-a0-79-g444c7a33f5 (webtiles) character file.

Game seed: 15583032959138050539

88401 SolCadguy the Devastator (level 15, -13/92 HPs)
             Began as a Tengu Conjurer on Aug 2, 2021.
             Was the Champion of Vehumet.
             Mangled by Rupert (38 damage)
             ... on level 12 of the Dungeon on Aug 3, 2021.
             The game lasted 02:32:48 (28208 turns).

SolCadguy the Devastator (Tengu Conjurer)          Turns: 28208, Time: 02:32:49

Health: -13/92     AC: 10    Str: 17    XL:     15   Next: 93%
Magic:  23/43      EV: 17    Int: 29    God:    Vehumet [******]
Gold:   2426       SH:  5    Dex: 12    Spells: 0/42 levels left

rFire   . . .      SeeInvis +   p - staff of conjuration
rCold   . . .      Faith    .   F - +0 buckler
rNeg    . . .      Spirit   .   C - +0 steam dragon scales
rPois   +          Reflect  .   Y - +2 hat
rElec   .          Harm     .   A - +0 cloak
rCorr   .          Rampage  .   T - +0 pair of gloves
Will    +....                   (boots unavailable)
Stlth   ++........              W - amulet of regeneration
HPRegen 1.25/turn               q - ring of see invisible
MPRegen 0.28/turn               Q - ring of Engeubuo {*Slow rPois MP+9 Str+9 Int+4}

@: flying quickly and evasively, quick
A: beak, talons 3, nimble flight
a: Renounce Religion


You were on level 12 of the Dungeon.
You worshipped Vehumet.
Vehumet was exalted by your worship.
You visited 4 branches of the dungeon, and saw 21 of its levels.
You also visited: Ossuary and Ice Cave.

You collected 2426 gold pieces.

Inventory:

Hand Weapons
 b - a +3 dagger of venom
 h - a +2 dagger of electrocution
Missiles
 d - 819 stones
 v - 6 throwing nets
 J - 24 poisoned darts (quivered)
Armour
 A - a +0 cloak (worn)
 C - +0 steam dragon scales (worn)
 F - a +0 buckler (worn)
 T - a +0 pair of gloves (worn)
 Y - a +2 hat (worn)
Magical Staves
 p - a staff of conjuration (weapon)
Jewellery
 c - a +4 ring of protection
 o - a ring of fire
 q - a ring of see invisible (left hand)
 z - a ring of protection from fire
 K - a +6 ring of intelligence
 M - a ring of protection from cold
 Q - the ring of Engeubuo (right hand) {*Slow rPois MP+9 Str+9 Int+4}
   (You found it on level 7 of the Dungeon)

   [ring of magical power]

   Str:       It affects your strength (+9).
   Int:       It affects your intelligence (+4).
   rPois:     It protects you from poison.
   MP:        It affects your magic capacity (+9).
   *Slow:     It may slow you when you take damage.
 S - a +4 ring of protection
 W - an amulet of regeneration (around neck)
Wands
 g - a wand of flame (60)
 j - a wand of digging (13)
 B - a wand of acid (22)
 D - a wand of polymorph (27)
 L - a wand of paralysis (5)
 N - a wand of mindburst (7)
 R - a wand of charming (26)
 Z - a wand of iceblast (9)
Scrolls
 e - 3 scrolls of teleportation
 m - a scroll of silence
 n - 13 scrolls of identify
 x - 2 scrolls of magic mapping
 y - a scroll of amnesia
 I - 4 scrolls of fear
 X - a scroll of blinking
Potions
 a - a potion of berserk rage
 f - a potion of curing
 i - a potion of heal wounds
 l - 5 potions of lignification
 s - 6 potions of might
 u - a potion of haste
 w - 3 potions of brilliance
 O - a potion of resistance
 P - a potion of cancellation
Miscellaneous
 H - a phantom mirror


   Skills:
 + Level 10.1 Fighting
 - Level 8.0 Staves
 - Level 5.3 Armour
 - Level 6.2 Dodging
 - Level 2.0 Stealth
 - Level 4.0 Shields
 - Level 14.0 Spellcasting
 - Level 17.2 Conjurations
 - Level 1.5 Hexes
 - Level 1.0 Translocations
 - Level 3.0 Transmutations
 - Level 8.4 Fire Magic
 + Level 0.1 Ice Magic
 - Level 8.0 Air Magic
 - Level 1.3 Poison Magic
 + Level 5.3 Evocations


You couldn't memorise any spells.
You knew the following spells:

 Your Spells              Type           Power      Damage    Failure   Level
a - Magic Dart            Conj           100%       1d8       0%          1
b - Searing Ray           Conj           100%       3d7       0%          2
c - Dazzling Flash        Conj/Hex       100%       N/A       1%          3
d - Iskenderun's Mystic   Conj/Tloc      84%        2d17      1%          4
e - Fulminant Prism       Conj/Hex       42%        3d20      1%          4
f - Sticky Flame          Conj/Fire      97%        2d11      1%          4
g - Poisonous Vapours     Pois/Air       94%        N/A       1%          2
h - Conjure Ball Lightni  Conj/Air       48%        3x3d17    1%          6
i - Ignite Poison         Fire/Tmut/Pois 45%        N/A       1%          3
j - Irradiate             Conj/Tmut      43%        3d28      1%          5
k - Swiftness             Air            61%        N/A       1%          3
l - Freezing Cloud        Conj/Ice/Air   40%        6-21      1%          5

Your spell library contained the following spells:

 Spells                   Type           Power      Damage    Failure   Level
 Foxfire                  Conj/Fire      100%       2x1d9     0%          1
 Shock                    Conj/Air       100%       1d9       0%          1
 Slow                     Hex            29%        N/A       1%          2
 Conjure Flame            Conj/Fire      97%        6-21      1%          3
 Inner Flame              Hex/Fire       49%        N/A       1%          3
 Stone Arrow              Conj/Erth      100%       3d13      1%          3
 Airstrike                Air            30%        N/A       1%          4
 Hailstorm                Conj/Ice       82%        3d17      1%          4
 Ensorcelled Hibernation  Hex/Ice        48%        N/A       2%          2
 Sublimation of Blood     Necr           10%        N/A       3%          2
 Spider Form              Tmut/Pois      16%        N/A       3%          3
 Confusing Touch          Hex            29%        N/A       4%          3
 Portal Projectile        Hex/Tloc       54%        N/A       4%          3
 Yara's Violent Unravell  Hex/Tmut       16%        3d8       7%          5
 Call Canine Familiar     Summ           20%        N/A       8%          3
 Silence                  Hex/Air        23%        N/A       10%         5
 Cause Fear               Hex            14%        N/A       13%         4
 Ice Form                 Ice/Tmut       29%        N/A       13%         4
 Petrify                  Tmut/Erth      29%        N/A       13%         4
 Leda's Liquefaction      Hex/Erth       12%        N/A       19%         4
 Animate Armour           Summ/Erth      40%        N/A       24%         4
 Agony                    Necr           20%        N/A       56%         5
 Lehudib's Crystal Spear  Conj/Erth      40%        10d10     71%         8
 Fire Storm               Conj/Fire      48%        8d12      95%         9
 Shadow Creatures         Summ           N/A        N/A       98%         6
 Simulacrum               Ice/Necr       10%        N/A       98%         6
 Discord                  Hex            14%        N/A       100%        8


Dungeon Overview and Level Annotations

Branches:
Dungeon (12/15)            Temple (1/1) D:5            Lair (6/6) D:10
  Swamp (0/4) Lair:2        Snake (0/4) Lair:3        Slime (0/5) Lair:6
    Orc (2/2) D:11            Elf (0/3) Orc:2       Ossuary (visited)
  IceCv (visited)

Altars:
Ashenzari
Cheibriados
Dithmenos
Elyvilon
Fedhas
Gozag
Hepliaklqana
Kikubaaqudgha
Makhleb
Nemelex Xobeh
Okawaru
Qazlal
Ru
Sif Muna
Trog
Uskayaw
Vehumet
Wu Jian
Xom
Yredelemnul
Zin
The Shining One
Beogh
Jiyva

Shops:
Orc:2 [:[?

Portals:
Hell: Lair:6

Annotations:
D:5 2 transporters, TheBeaver's ghost, novice DsMo
D:12 Rupert
Lair:1 2 transporters


Innate Abilities, Weirdness & Mutations

You have a beak for a mouth.
You have claws for feet.
Your magical nature lets you fly swiftly and evasively.


Message History

Press: ? - help, Dir - move target, f/p - Rupert
Aim: Rupert, wielding a +4 battleaxe of pain and wearing a +0 ring mail (lightly wounded, slightly transparent, very poisoned) Poisonous vapours surround Rupert!
Rupert looks as sick as possible!
Casting: Poisonous Vapours (safe; 1% risk of failure)
Confirm with . or Enter, or press ? or * to list all spells.
You feel a surge of power!
You erupt in a blast of force!
The mystic blast hits Rupert!!
Rupert is moderately wounded.
Rupert is knocked back by the mystic blast.
Rupert roars madly and goes into a rage!
Rupert goes berserk!
Casting: Iskenderun's Mystic Blast (safe; 1% risk of failure)
Confirm with . or Enter, or press ? or * to list all spells.
You ignite the poison in your surroundings!
Rupert seems to burn from within!!!!
Rupert is severely wounded.
Casting: Ignite Poison (safe; 1% risk of failure)
Confirm with . or Enter, or press ? or * to list all spells.
You feel a surge of power!
You erupt in a blast of force!
The mystic blast hits Rupert but does no damage.
Rupert is severely wounded.
Rupert hits you with a +4 battleaxe of pain!!!
You writhe in agony!
Unknown command.
Casting: Iskenderun's Mystic Blast (safe; 1% risk of failure)
Confirm with . or Enter, or press ? or * to list all spells.
Aiming: Sticky Flame (safe; 1% risk of failure)
Press: ? - help, Shift-Dir - straight line, f/p - Rupert
Aim: Rupert, wielding a +4 battleaxe of pain and wearing a +0 ring mail (severely wounded, berserk, slightly transparent, 100% to hit)
You feel a surge of power!
The sticky flame hits Rupert!
Rupert is almost dead.
Rupert is covered in liquid flames!
Rupert burns!
Rupert hits you with a +4 battleaxe of pain!!!
* * * LOW HITPOINT WARNING * * *
You writhe in agony.
* * * LOW HITPOINT WARNING * * *
You block Rupert's attack.
You feel much better.
Rupert burns!
Rupert hits you with a +4 battleaxe of pain!!!
You die...

#.# ###......##.....## ## #.#
######+#.......# ##.#
.#.......##### #..#
######.+..._...'.... #'#####
#.<....#.......#....
#.......###......#.......#....
#.......'(#......##.....##....
#....^..#.#.......###'####...)
#...>...#.'.@@.)....#..# #...<
#.......###.........#.## #....
######### #.........'.# #....
#.........### #....
########### #####


You could see Rupert (berserk, invisible, burning).

Vanquished Creatures
  Gastronok (Lair:1)
  A white draconian (IceCv)
  A dire elephant (Lair:5)
  An ice dragon (Lair:6)
  Harold (Lair:2)
  3 boulder beetles
  Erica (Lair:2)
  8 hydras
  A centaur warrior (D:11)
  6 two-headed ogres
  2 tengu warriors (D:11)
  14 death yaks
  7 orc high priests (Orc:2)
  Sonja (D:11)
  A sun demon (Lair:6)
  A skeletal warrior (D:11)
  A wizard (Lair:6)
  Pikel (D:8)
  8 orc knights
  An ugly thing (D:11)
  3 elephants (Lair:4)
  4 cyclopes
  A guardian serpent (shapeshifter) (D:11)
  Joseph (Lair:1)
  8 black mambas
  2 torpor snails
  2 ice statues (IceCv)
  14 cane toads
  A gargoyle (D:12)
  2 unseen horrors
  4 ice devils (Lair:6)
  2 kobold demonologists
  10 komodo dragons
  11 rime drakes
  6 trolls
  2 red devils (Lair:6)
  A hellwing (Lair:6)
  A hornet (D:11)
  7 polar bears
  Prince Ribbit (Lair:1)
  3 slime creatures (D:12)
  7 blink frogs
  Sigmund (D:3)
  64 yaks
  A shadow (D:12)
  A spriggan (D:7)
  4 wyverns
  3 wraiths (D:11)
  3 basilisks
  4 steam dragons
  3 vampire mosquitoes
  5 wargs
  2 acid dragons (D:11)
  A naga (Lair:3)
  16 water moccasins
  2 black bears
  3 hell hounds (Lair:6)
  39 orc warriors
  A hornet zombie (D:6)
  2 ice beasts
  2 sky beasts (D:7)
  A wolf (Lair:6)
  11 ogres
  3 lemures (D:9)
  4 centaurs
  2 phantoms
  Blork the orc (D:4)
  4 elf zombies
  3 kobold brigands
  14 bullfrogs
  2 scorpions
  A two-headed ogre simulacrum (D:11)
  A gnoll sergeant (D:8)
  2 elf skeletons (D:6)
  2 lindwurm simulacra (IceCv)
  10 wights
  5 howler monkeys
  2 electric eels (Lair:2)
  4 centaur zombies
  2 jellies
  3 komodo dragon simulacra (IceCv)
  27 orc priests
  A bullfrog zombie (D:5)
  A human zombie (Ossuary)
  5 hounds
  3 centaur skeletons
  A bullfrog skeleton (D:5)
  A human skeleton (D:6)
  3 iguanas
  20 orc wizards
  6 hell rats (Lair:5)
  A scorpion zombie (D:5)
  3 spriggan simulacra (D:11)
  A hound zombie (Ossuary)
  2 hound skeletons (D:4)
  A howler monkey zombie (D:8)
  5 mummies
  6 gnolls
  5 acid dragon simulacra (IceCv)
  6 adders
  3 white imps
  5 steam dragon simulacra (IceCv)
  2 adder zombies
  2 worms
  2 dart slugs
  75 orcs
  17 endoplasms
  5 giant cockroaches
  8 goblins
  5 hobgoblins
  7 jackals
  17 kobolds
  10 quokkas
  4 ball pythons
  4 bats
  3 goblin zombies (Ossuary)
  A hobgoblin zombie (D:8)
  3 kobold zombies
  An orc skeleton (D:6)
  3 orc zombies
  11 rats
  A rat zombie (Ossuary)
675 creatures vanquished.

Vanquished Creatures (others)
  34 ball lightnings
  39 fulminant prisms
  18 fungi
  56 plants
147 creatures vanquished.

Grand Total: 822 creatures vanquished

Notes
Turn   | Place    | Note
-------+----------+-------------------------------------------
     0 | D:1      | SolCadguy the Tengu Conjurer began the quest for the Orb.
     0 | D:1      | Reached XP level 1. HP: 10/10 MP: 4/4
   163 | D:1      | Reached XP level 2. HP: 10/15 MP: 1/6
   272 | D:1      | Found a faded altar of an unknown god.
   360 | D:1      | Reached skill level 6 in Conjurations
   577 | D:1      | Learned a level 2 spell: Searing Ray
   821 | D:1      | Reached XP level 3. HP: 19/19 MP: 2/7
   917 | D:1      | Learned a level 3 spell: Dazzling Flash
  1407 | D:2      | Reached skill level 1 in Armour
  1850 | D:2      | Reached XP level 4. HP: 24/24 MP: 4/8
  1993 | D:2      | Noticed a scorpion
  2001 | D:2      | Killed a scorpion
  2002 | D:2      | Reached skill level 7 in Conjurations
  2002 | D:2      | Gained mutation: Your magical nature lets you fly swiftly
                  | and evasively. [Tengu growth]
  2002 | D:2      | Reached XP level 5. HP: 21/28 MP: 0/9
  3041 | D:3      | Noticed Sigmund
  3160 | D:3      | Found an iron altar of Okawaru.
  3161 | D:3      | Found a white marble altar of Elyvilon.
  3161 | D:3      | Found a sparkling altar of Nemelex Xobeh.
  3162 | D:3      | Found a broken altar of Ashenzari.
  3162 | D:3      | Found a bloodstained altar of Trog.
  3164 | D:3      | Found a radiant altar of Vehumet.
  3164 | D:3      | Found a shimmering blue altar of Sif Muna.
  3165 | D:3      | Found a blossoming altar of Fedhas.
  3199 | D:3      | Became a worshipper of Vehumet
  3720 | D:4      | Noticed Blork the orc
  3970 | D:3      | Killed Sigmund
  3971 | D:3      | Reached skill level 8 in Conjurations
  3971 | D:3      | Reached XP level 6. HP: 13/32 MP: 2/11
  4465 | D:4      | Killed Blork the orc
  4481 | D:4      | Reached XP level 7. HP: 10/36 MP: 5/12
  4750 | D:4      | Learned a level 4 spell: Iskenderun's Mystic Blast
  5071 | D:4      | Reached * piety under Vehumet
  5071 | D:4      | Offered knowledge of Freeze by Vehumet.
  5402 | D:5      | Entered Level 5 of the Dungeon
  5410 | D:5      | Reached skill level 1 in Staves
  5458 | D:5      | Reached skill level 9 in Conjurations
  5713 | D:5      | Found a staircase to the Ecumenical Temple.
  5724 | Temple   | Entered the Ecumenical Temple
  6068 | D:5      | Noticed a steam dragon
  6074 | D:5      | Killed a steam dragon
  6075 | D:5      | Reached XP level 8. HP: 12/41 MP: 15/15
  6343 | D:5      | Found a transporter.
  6344 | D:5      | Noticed TheBeaver's ghost (novice DsMo)
  6504 | D:5      | Learned a level 4 spell: Fulminant Prism
  6548 | D:5      | Found a transporter.
  6712 | D:5      | Identified a scroll of acquirement
  6712 | D:5      | Acquired the Grimoire of Fire
  7191 | D:6      | Found a sand-covered staircase.
  7201 | D:6      | Reached skill level 1 in Hexes
  7203 | Ossuary  | Entered an ossuary
  7254 | Ossuary  | Offered knowledge of Static Discharge by Vehumet.
  7284 | Ossuary  | Reached ** piety under Vehumet
  7285 | Ossuary  | Reached skill level 10 in Conjurations
  7611 | D:6      | Reached skill level 5 in Spellcasting
  7611 | D:6      | Reached XP level 9. HP: 45/45 MP: 17/17
  7639 | D:6      | Learned a level 4 spell: Sticky Flame
  7706 | D:6      | Reached skill level 1 in Shields
  7907 | D:6      | Reached skill level 1 in Translocations
  8013 | D:6      | Reached skill level 1 in Fire Magic
  8561 | D:7      | Offered knowledge of Poisonous Vapours by Vehumet.
  8614 | D:7      | Noticed a two-headed ogre
  8625 | D:7      | Reached skill level 5 in Staves
  8782 | D:7      | Reached skill level 1 in Evocations
  8864 | D:7      | Reached skill level 1 in Fighting
  8922 | D:7      | Identified the ring of Engeubuo {*Slow rPois MP+9 Str+9
                  | Int+4}
  8922 | D:7      | You are sucked into a shaft and drop 3 floors!
  8922 | D:10     | Entered Level 10 of the Dungeon
  9034 | D:10     | Found a staircase to the Lair.
  9103 | D:10     | Reached *** piety under Vehumet
  9500 | D:9      | Reached skill level 11 in Conjurations
  9500 | D:9      | Reached XP level 10. HP: 45/52 MP: 19/19
  9505 | D:9      | Learned a level 2 spell: Poisonous Vapours
 10452 | D:8      | Noticed Pikel
 10454 | D:8      | Offered knowledge of Airstrike by Vehumet.
 10936 | D:8      | Killed Pikel
 12618 | D:7      | Killed a two-headed ogre
 13150 | D:10     | Noticed a two-headed ogre
 13155 | D:10     | Killed a two-headed ogre
 13156 | D:10     | Reached XP level 11. HP: 60/60 MP: 24/24
 13191 | D:10     | Learned a level 4 spell: Airstrike
 13195 | D:10     | Learned a level 3 spell: Ignite Poison
 13342 | D:11     | Found a frozen archway.
 13354 | D:11     | Reached **** piety under Vehumet
 13366 | IceCv    | Entered an ice cave
 13369 | IceCv    | Reached skill level 1 in Air Magic
 13370 | IceCv    | Offered knowledge of Inner Flame by Vehumet.
 14043 | IceCv    | Noticed a white draconian
 14092 | IceCv    | Killed a white draconian
 14841 | D:11     | Noticed a two-headed ogre
 14861 | D:11     | Killed a two-headed ogre
 14862 | D:11     | Reached skill level 5 in Fire Magic
 14862 | D:11     | Reached skill level 1 in Poison Magic
 14894 | D:11     | Noticed a five-headed hydra
 14909 | D:11     | Killed a five-headed hydra
 14988 | D:11     | Reached skill level 10 in Spellcasting
 15058 | D:11     | Noticed a green ugly thing
 15058 | D:11     | Noticed a vampire knight
 15058 | D:11     | Noticed a two-headed ogre
 15058 | D:11     | Noticed a centaur warrior
 15060 | D:11     | Noticed a boulder beetle
 15060 | D:11     | Noticed a tengu warrior
 15080 | D:11     | Noticed a mana viper
 15143 | Lair:1   | Entered Level 1 of the Lair of Beasts
 15149 | Lair:1   | Noticed Joseph
 15158 | Lair:1   | Killed Joseph
 15219 | Lair:1   | Reached XP level 12. HP: 67/67 MP: 27/27
 15228 | Lair:1   | Reached skill level 1 in Transmutations
 15406 | Lair:1   | Noticed a five-headed hydra
 15416 | Lair:1   | Killed a five-headed hydra
 15417 | Lair:1   | Reached skill level 5 in Fighting
 15548 | Lair:1   | Reached skill level 12 in Conjurations
 15582 | Lair:1   | Noticed Prince Ribbit
 15589 | Lair:1   | Killed Prince Ribbit
 15593 | Lair:1   | Reached ***** piety under Vehumet
 15622 | Lair:1   | Learned a level 5 spell: Irradiate
 15670 | Lair:1   | Offered knowledge of Olgreb's Toxic Radiance by Vehumet.
 15699 | Lair:1   | Noticed Gastronok
 15709 | Lair:1   | Killed Gastronok
 16084 | Lair:1   | Found a transporter.
 16141 | Lair:1   | Found a transporter.
 16386 | Lair:1   | Noticed a four-headed hydra
 16395 | Lair:1   | Killed a four-headed hydra
 16439 | Lair:1   | Acquired a +4 lajatang of venom
 16511 | Lair:2   | Reached skill level 13 in Conjurations
 16558 | Lair:2   | Noticed Erica
 16567 | Lair:2   | Killed Erica
 16824 | Lair:2   | Reached XP level 13. HP: 75/76 MP: 29/29
 17268 | Lair:2   | Found a staircase to the Swamp.
 17415 | Lair:2   | Noticed Harold
 17423 | Lair:2   | Killed Harold
 18125 | Lair:3   | Found a staircase to the Snake Pit.
 18182 | Lair:3   | Reached skill level 14 in Conjurations
 19426 | Lair:4   | Offered knowledge of Conjure Ball Lightning by Vehumet.
 20298 | Lair:5   | Reached skill level 15 in Conjurations
 20308 | Lair:5   | Learned a level 6 spell: Conjure Ball Lightning
 20428 | Lair:5   | Learned a level 3 spell: Swiftness
 20804 | Lair:6   | Entered Level 6 of the Lair of Beasts
 20806 | Lair:6   | Reached XP level 14. HP: 83/84 MP: 31/31
 20807 | Lair:6   | Reached skill level 5 in Air Magic
 21122 | Lair:6   | Noticed a dire elephant
 21138 | Lair:5   | Killed a dire elephant
 21356 | Lair:6   | Reached skill level 16 in Conjurations
 21517 | Lair:6   | Found a staircase to the Slime Pits.
 21517 | Lair:6   | Found a viscous altar of Jiyva.
 22284 | Lair:6   | Found a burning altar of Makhleb.
 22589 | Lair:6   | Found a gateway to Hell.
 23432 | D:11     | Reached XP level 15. HP: 65/88 MP: 33/33
 23697 | D:11     | Reached skill level 5 in Dodging
 24043 | D:11     | Noticed Sonja
 24047 | D:11     | Killed Sonja
 24242 | D:11     | Found a staircase to the Orcish Mines.
 24813 | Orc:1    | Entered Level 1 of the Orcish Mines
 25426 | Orc:2    | Entered Level 2 of the Orcish Mines
 25430 | Orc:2    | Reached ****** piety under Vehumet
 25437 | Orc:2    | Reached skill level 5 in Armour
 25440 | Orc:2    | Offered knowledge of Starburst by Vehumet.
 26106 | Orc:2    | Reached skill level 17 in Conjurations
 26792 | Orc:2    | Found Plog's Antique Armour Emporium.
 26796 | Orc:2    | Found Yckodi Narph's Magic Scroll Emporium.
 26797 | Orc:2    | Found Govoroc's Book Emporium.
 26798 | Orc:2    | Found Veuc's Armour Shoppe.
 26904 | Orc:2    | Found a staircase to the Elven Halls.
 27512 | D:12     | Offered knowledge of Freezing Cloud by Vehumet.
 27792 | D:12     | Reached skill level 5 in Evocations
 27918 | D:12     | Reached skill level 10 in Fighting
 28015 | D:12     | Learned a level 5 spell: Freezing Cloud
 28083 | D:12     | Noticed Rupert
 28148 | D:12     | Found a radiant altar of Vehumet.
 28193 | D:12     | Paralysed by Rupert for 5 turns
 28208 | D:12     | Mangled by Rupert

Illustrated notes

Levels and vault maps discovered:
D:1:      matt_arrival_grand_opening, layout_basic,
          hellmonk_ecumenical_altar_slurped_away
D:2:      layout_basic
D:3:      layout_loops_ring, grunt_temple_overflow_open, serial_bayou,
          serial_bayou_pond_c, serial_bayou_pond_e, serial_bayou_pond_a,
          serial_bayou_lake_a, serial_bayou_pond_e, minmay_unequal, uniq_sigmund
D:4:      layout_cave_pools, uniq_blork_the_orc
D:5:      layout_cave_pools, minmay_temple_entry_statues_fountains,
          gammafunk_ghost_smash
D:6:      layout_loops_cross, nicolae_ossuary_entry_catacombs, serial_rivers,
          chequers_serial_rivers_large_b, chequers_serial_rivers_large_a,
          chequers_serial_rivers_small_3, chequers_serial_rivers_micro_e
D:7:      minmay_chambers_of_fours, layout_loops_ring, the_hattery
D:8:      layout_rooms, nrook_campfire, minmay_misc_feat_four_crosses,
          minmay_holes, dk_noncrumbling_2, serial_park_tiny_2,
          minmay_mini_ossuary, uniq_pikel
D:9:      layout_irregular_city
D:10:     layout_irregular_city, lair_entry_dummy
D:11:     nzn_winding_woodlands_cross [nzn_winding_woodlands_5x15_parted,
          nzn_winding_woodlands_5x15_jagged, nzn_winding_woodlands_5x15_zeroes,
          nzn_winding_woodlands_5x15_pool, nzn_winding_woodlands_15x15_killbox],
          layout_grid_maze, portal_ice_cave_entry_ice_simulacra, uniq_sonja
D:12:     layout_roguey, nicolae_vehumet_altar_sigil, uniq_rupert
Temple:   minmay_temple_curvy_branch
Lair:1:   gammafunk_worm_tunnel, layout_loops_ring, grunt_megastairs_2,
          serial_bayou_shore_b, uniq_gastronok, uniq_joseph, uniq_prince_ribbit2
Lair:2:   layout_cellular_growth, swamp_mist, wad_woods_river_02,
          cheibrodos_lair_lostbears, lemuel_fruit_tree, uniq_erica, uniq_harold
Lair:3:   layout_roguey, guppyfry_snake_entry_garden
Lair:4:   layout_hall_layers, columned_hall_lemuel
Lair:5:   layout_gridlike, grunt_megastairs_3, lemuel_fruit_fields
Lair:6:   evil_forest, layout_big_grid, slime_altar_1, bobbens_ice_dragon_lair,
          infiniplex_staircase_pool
Orc:1:    layout_diamond_mine
Orc:2:    st_orc_pillars, layout_diamond_mine, basic_altar

Skill      XL: |  1  2  3  4  5  6  7  8  9 10 11 12 13 14 15 |
---------------+----------------------------------------------+-----
Conjurations   | 6 7 8 9 10 11 13 15 16 17 | 17.2
Armour         | 1 2 3 4 5 |  5.3
Spellcasting   | 3 4 5 8 10 11 12 13 14 | 14.0
Staves         | 2 3 5 6 8 |  8.0
Dodging        | 3 4 6 |  6.2
Hexes          | 1 |  1.5
Shields        | 3 4 |  4.0
Translocations | 1 |  1.0
Fire Magic     | 2 6 8 |  8.4
Evocations     | 1 3 5 |  5.3
Fighting       | 1 3 4 7 8 10 | 10.1
Air Magic      | 4 8 |  8.0
Poison Magic   | 1 |  1.3
Transmutations | 1 3 |  3.0
Stealth        | |  2.0
Ice Magic      | |  0.1

Action                   |  1- 3 |  4- 6 |  7- 9 | 10-12 | 13-15 || total
-------------------------+-------+-------+-------+-------+-------++-------
Melee: Unarmed           |     4 |       |       |       |       ||     4
       Kick              |     4 |    12 |    19 |    17 |    26 ||    78
       Dagger            |    24 |    31 |    13 |       |     2 ||    70
       Peck              |     3 |     6 |    17 |    13 |    14 ||    53
       Staff             |       |       |    49 |    51 |   103 ||   203
Throw: Stone             |       |     5 |     2 |       |       ||     7
       Dart              |       |       |       |     4 |    23 ||    27
 Cast: Magic Dart        |    61 |    41 |    65 |    65 |   109 ||   341
       Searing Ray       |     9 |    12 |    65 |    76 |   104 ||   266
       Iskenderun's Myst |       |       |     2 |     9 |    41 ||    52
       Fulminant Prism   |       |       |       |    11 |    28 ||    39
       Poisonous Vapours |       |       |       |    29 |   163 ||   192
       Sticky Flame      |       |       |       |    17 |    46 ||    63
       Dazzling Flash    |       |       |       |     6 |     5 ||    11
       Ignite Poison     |       |       |       |     8 |    85 ||    93
       Irradiate         |       |       |       |     1 |     6 ||     7
       Conjure Ball Ligh |       |       |       |       |    14 ||    14
       Swiftness         |       |       |       |       |     2 ||     2
Evoke: Wand              |       |       |     7 |     4 |     4 ||    15
  Use: Potion            |       |     1 |       |     2 |     4 ||     7
       Scroll            |       |       |    14 |     6 |    10 ||    30
 Stab: Sleeping          |     2 |     1 |       |       |       ||     3
Armor: Leather armour    |     5 |       |     3 |       |       ||     8
       Ring mail         |     4 |     9 |     5 |       |       ||    18
       Steam dragon scal |       |       |    25 |    45 |    74 ||   144
       Skin              |       |       |       |       |     3 ||     3
Dodge: Dodged            |    10 |    24 |    91 |   129 |   151 ||   405
Block: Buckler           |       |       |    11 |    40 |    49 ||   100

Table legend: (Time is in decaauts)
 A = Elapsed time spent in this place.
 B = Non-inter-level travel time spent in this place.
 C = Inter-level travel time spent in this place.
 D = Time resting spent in this place.
 E = Time spent auto-exploring this place.
 F = Levels seen in this place.
 G = Mean time per level.
                   A        B        C        D        E       F      G
               +--------+--------+--------+--------+--------+-----+--------+
         Total |  26723 |  25111 |   1612 |   6186 |  14075 |  23 | 1161.9 |
       Dungeon |  14640 |  13842 |    798 |   2885 |   8539 |  12 | 1220.0 |
        Temple |    239 |    237 |      2 |      0 |    235 |   1 |  239.0 |
          Lair |   7743 |   7048 |    695 |   1687 |   3958 |   6 | 1290.5 |
  Orcish Mines |   2419 |   2303 |    116 |    558 |   1153 |   2 | 1209.5 |
       Ossuary |    376 |    376 |      0 |    130 |     82 |   1 |  376.0 |
      Ice Cave |   1303 |   1303 |      0 |    925 |    106 |   1 | 1303.0 |
               +--------+--------+--------+--------+--------+-----+--------+

Top non-repeatable levels by time:
  Lair:2: 1863 daAuts
    D:11: 1852 daAuts
     D:2: 1711 daAuts
   Orc:2: 1635 daAuts
     D:7: 1632 daAuts
     D:3: 1624 daAuts
     D:9: 1621 daAuts
  Lair:6: 1407 daAuts
  Lair:1: 1380 daAuts
   IceCv: 1303 daAuts
     D:1: 1190 daAuts
     D:6: 1179 daAuts
  Lair:3: 1100 daAuts
  Lair:5: 1079 daAuts
     D:4: 930 daAuts
